Unix NetHack Version 5.0.0-0 post-release - last build Jun 10 2026 00:39:30 (3ee93aec679c4c4259841fe613dc97188e26a321,branch:main).

Game began 2026-06-15 11:21:50, ended 2026-06-15 11:39:20.

LDaviesPeters, neutral female human Archeologist

        --------     -----                                  -----      -------
       #%......|     |.{.|                  -----------     |...|      |.....|
       #|..)...-#    |....#####             |.........|     |...|      |.....|
       #|(..)@.|#    |...|    #   ------  # |.........|     |...|      |.....|
       #|.....d|#    |...|    ##  |....|  ##..........|     |...|     #......|
       #--------#    -|---     ###|.....### |.<........###  |...|  ####--.----
       ###      #    ##          #|....|    |.........|  ###.....###     #
         #      #    #           #|....|    -+---------     --.--#       #
         #      #    #           #.`...|     #                ####       #
         #      ## ###            -+----                         ##      #
  -------##      #-.------         ^                             ##      #
  |!.!..|`#      #|......|                                    ######     #
  |.!!..-##      #.......|                                    #----.-----.-
  |.!.].|         |......|                                    #|......{...|
  |.....|         |.....>|                                    #|..........|
  |...!.|         |......|                                    #-..........|
  -------         --------                                     ------------

LDaviesPeters the Digger   St:12 Dx:11 Co:14 In:16 Wi:12 Ch:10  Neutral
Dlvl:3  $:0  HP:0(18) Pw:6(6) AC:9  Xp:2 T:1617 

Latest messages:
 What do you want to throw? [ax or ?*] ?
 In what direction? 8
 The crude dagger misses.
 Your movements are now unencumbered.
 What do you want to wield? [- a or ?*] a
 a - a +2 bullwhip (weapon in right hand).
 You kill the gas spore!
 Boom!
 You are caught in the gas spore's explosion!
 You have a little trouble lifting 4 darts.  Continue? [ynq] (q) y
 You have a little trouble lifting o - 4 darts (at the ready).
 x - a crude dagger.
 Your movements are slowed slightly because of your load.
 You see here 2 darts.
 You have a little trouble lifting o - 2 darts (at the ready) (6 in total).
 You hear the chime of a cash register.
 There is an open door here.
 You see here a kobold corpse.
 The gecko bites!
 You miss the gecko.
 You kill the gecko!
 You have trouble lifting a kobold corpse.  Continue? [ynq] (q) q
 What do you want to drop? [a-df-hk-moqwx or ?*] b
 You drop an uncursed sack containing 14 items.
 Your movements are now unencumbered.
 What do you want to throw? [ox or ?*] ?
 In what direction? 6
 The crude dagger hits the gas spore.
 What do you want to throw? [o or ?*] o
 In what direction? 6
 The dart misses the gas spore.
 What do you want to throw? [o or ?*] o
 In what direction? 6
 The dart hits the gas spore.
 You hear bubbling water.
 What do you want to throw? [o or ?*] o
 In what direction? 6
 The dart misses the gas spore.
 What do you want to throw? [o or ?*] o
 In what direction? 6
 The dart hits the gas spore.
 The little dog picks up a dart.
 You see here a crude dagger.
 The little dog drops a dart.
 x - a crude dagger.
 You kill the gas spore!
 Boom!
 You are caught in the gas spore's explosion!
 It is fatal.
 Do you want your possessions identified? [ynq] (y) q

Inventory:
 Weapons  (')')
  o - 2 +0 darts (at the ready)
  x - a +0 orcish dagger
  a - a +2 bullwhip (weapon in right hand)
 Armor    ('[')
  c - an uncursed +0 fedora (being worn)
  w - a cursed -1 orcish helm
  h - a blessed +0 leather jacket (being worn)
 Comestibles  ('%')
  m - an uncursed slime mold
  d - 4 uncursed food rations
  q - an uncursed tripe ration
 Tools    ('(')
  l - an uncursed oil lamp
  k - an uncursed skeleton key
  f - a tinning kit (0:53)
 Gems/Stones  ('*')
  g - an uncursed touchstone

LDaviesPeters the Archeologist's attributes:

Background:
 You were a Digger, a level 2 female human Archeologist.
 You were neutral, nominally on a mission for Camaxtli
 who was opposed by Quetzalcoatl (lawful) and Huhetotl (chaotic).
 You were right-handed.
 You were in the Dungeons of Doom, on level 3.
 You entered the dungeon 1617 turns ago.
 There was a new moon in effect when your adventure ended.
 You had 36 experience points, 4 more were needed to attain level 3.

Basics:
 You had 0 out of 18 hit points.
 You had all 6 energy points (spell power).
 Your armor class was 9.
 Your wallet was empty.
 Autopickup was off.

Final Characteristics:
 Your strength was 12 (limit:18/100).
 Your dexterity was 11 (limit:18).
 Your constitution was 14 (limit:18).
 Your intelligence was 16 (limit:18).
 Your wisdom was 12 (limit:18).
 Your charisma was 10 (limit:18).

Final Status:
 You weren't hungry.
 You were unencumbered.
 You were wielding a whip.
 You had basic skill with whip.

Final Attributes:
 You were devoutly aligned.
 You had automatic searching.
 You were lucky.
 You are dead.

Miscellaneous:
 You didn't encounter any bones levels.
 Total elapsed playing time was 17 minutes and 30 seconds.

Major events:
 Turn
    1: LDaviesPeters the neutral female human Archeologist entered the dungeon
  330: entered the Gnomish Mines
 1617: killed by a gas spore's explosion

You didn't know any spells.

Skills:
 Fighting Skills
   bare handed combat [Unskilled]
   two weapon combat  [Unskilled]
   riding             [Unskilled]
 Weapon Skills
   dagger             [Unskilled]
   knife              [Unskilled]
   pick-axe           [Basic]
   short sword        [Unskilled]
   saber              [Unskilled]
   club               [Unskilled]
   quarterstaff       [Unskilled]
   sling              [Unskilled]
   dart               [Unskilled]
   boomerang          [Unskilled]
   whip               [Basic]
   unicorn horn       [Unskilled]
 Spellcasting Skills
   attack spells      [Unskilled]
   healing spells     [Unskilled]
   divination spells  [Unskilled]
   matter spells      [Unskilled]

Voluntary challenges:
 Character rerolling was not enabled.
 You were an atheist.
 You never genocided any monsters.
 You never polymorphed an object.
 You never changed form.
 You used no wishes.
Achievements:
 You entered the Gnomish Mines.
 You entered a shop.

 The Dungeons of Doom: levels 1 to 3
    Level 1:
       Some fountains.
    Level 2:
       Stairs down to The Gnomish Mines.
    Level 3: <- You were here.
       A potion shop, some fountains.
       Final resting place for
          you, killed by a gas spore's explosion.
 The Gnomish Mines:
    Level 3:


Vanquished creatures:
  2 gas spores
  a giant rat
  a yellow mold
  a gecko
  a jackal
  a fox
  3 goblins
  a sewer rat
  2 grid bugs
  a lichen
  a kobold zombie
  6 newts
21 creatures vanquished.

No species were genocided or became extinct.

Game over:
                       ----------
                      /          \
                     /    REST    \
                    /      IN      \
                   /     PEACE      \
                  /                  \
                  |  LDaviesPeters   |
                  |       0 Au       |
                  | killed by a gas  |
                  |     spore's      |
                  |    explosion     |
                  |                  |
                  |       2026       |
                 *|     *  *  *      | *
        _________)/\\_//(\/(/\)/\//\/|_)_______

Goodbye LDaviesPeters the Archeologist...

You died in The Dungeons of Doom on dungeon level 3 with 244 points,
and 0 pieces of gold, after 1617 moves.
You were level 2 with a maximum of 18 hit points when you died.

